 Dungeon Crawl Stone Soup version 0.18.1-48-g4cf74bf (webtiles) character file.

49958 Mesmaeker13 the Geomancer (level 14, 0/82 HPs)
             Began as a Gargoyle Earth Elementalist on July 22, 2016.
             Was a Believer of Ashenzari.
             Slain by a giant leech (14 damage)
             ... on level 7 of the Lair of Beasts.
             The game lasted 01:44:02 (27814 turns).

Mesmaeker13 the Geomancer (GrEE)                   Turns: 27814, Time: 01:44:03

Health: 0/82       AC: 28    Str: 12 (13) XL:     14   Next: 53%
Magic:  25/26      EV:  8    Int: 16 (19) God:    Ashenzari [**....]
Gold:   1030       SH:  9    Dex:  8 (11) Spells: 5 memorised, 15 levels left

rFire  + + .     SeeInvis .     s - +3 whip (elec)
rCold  . . .     Gourm    .     f - +0 fire dragon armour
rNeg   + . .     Faith    .     K - +0 shield {AC+3} (curse)
rPois  ∞         Spirit   .     (helmet restricted)
rElec  +         Dismiss  .     i - +1 cloak (curse)
rCorr  .         Reflect  .     N - +0 pair of gloves
SustAt .         Harm     .     E - +1 pair of boots {run} (curse)
MR     +....                    (no amulet)
Stlth  ..........               C - ring of protection from cold
                                B - ring of wizardry (curse)

@: infused, very slightly contaminated, quick, somewhat resistant to hostile
enchantments, extremely unstealthy
A: antennae 1, big wings, deterioration 1, frail 1, negative energy resistance
1, electricity resistance, unbreathing, petrification resistance, rot immunity,
AC +9
a: Fly, Curse Item, Scrying, Renounce Religion


You were on level 7 of the Lair of Beasts.
You worshipped Ashenzari.
Ashenzari was pleased with you.
You were not hungry.

You visited 3 branches of the dungeon, and saw 19 of its levels.
You also visited: Ice Cave.

You collected 1066 gold pieces.
You spent 36 gold pieces at shops.

Inventory:

Hand Weapons
 s - a +3 whip of electrocution (weapon)
 V - the +2 dagger of Jedasaos {freeze, Str+4 Int+4}
   (You found it on level 6 of the Lair of Beasts)

   It has been specially enchanted to freeze those struck by it, causing extra
   injury to most foes and up to half again as much damage against particularly
   susceptible opponents.
   It can also slow down cold-blooded creatures.
   It affects your strength (+4).
   It affects your intelligence (+4).
Armour
 f - a +0 fire dragon armour (worn)
 i - a cursed +1 cloak (worn)
 t - a +0 helmet
 E - a cursed +1 pair of boots of running (worn)
 K - a cursed +0 shield of protection (worn)
 N - a +0 pair of gloves (worn)
 P - the cursed +2 pair of boots "Rakos" {-Cast rPois Int+2}
   (You acquired it on level 7 of the Lair of Beasts)

   It affects your intelligence (+2).
   It protects you from poison.
   It prevents spellcasting.
   It has a curse placed upon it.
 Q - a +2 ring mail of fire resistance
 T - a +0 buckler
Jewellery
 e - the ring "Ybboreemm" {Fire +Fly rPois Dex+4 Stlth+}
   (You acquired it on level 1 of the Lair of Beasts)

   [ring of fire]

   It enhances your fire magic, and weakens your ice magic.
   It affects your dexterity (+4).
   It protects you from fire.
   It makes you vulnerable to cold.
   It protects you from poison.
   It lets you fly.
   It makes you more stealthy.
 q - an uncursed ring of stealth
 B - a cursed ring of wizardry (left hand)
 C - a ring of protection from cold (right hand)
 G - a +6 ring of strength
Wands
 l - a wand of random effects (22/48)
 p - a wand of teleportation (3/9)
 A - a wand of digging (16/24)
 D - a wand of paralysis (5/24)
 M - a wand of teleportation (0/9)
Scrolls
 b - 3 scrolls of identify
 h - a scroll of silence
 k - a scroll of fear
 r - 3 scrolls of teleportation
 y - a scroll of holy word
 H - 2 scrolls of recharging
 O - a scroll of magic mapping
 R - a scroll of blinking
Potions
 a - a potion of beneficial mutation
 n - 4 potions of flight
 o - 2 potions of brilliance
 x - 2 potions of curing
 F - a potion of heal wounds
Books
 c - a book of Geomancy

   Spells                             Type                      Level
   a - Sandblast                      Earth                        1
   b - Passwall                       Transmutation/Earth          2
   c - Stone Arrow                    Conjuration/Earth            3
   d - Petrify                        Transmutation/Earth          4
   e - Lee's Rapid Deconstruction     Earth                        5
 u - Sif Muna's Disquisition on Aid
   (You found it on level 4 of the Dungeon)

   Spells                             Type                      Level
   a - Infusion                       Charms                       1
 w - a Fen Folio

   Spells                             Type                      Level
   a - Corpse Rot                     Necromancy                   2
   b - Stone Arrow                    Conjuration/Earth            3
   c - Leda's Liquefaction            Hexes/Earth                  4
   d - Summon Forest                  Summoning/Translocation      5
   e - Hydra Form                     Transmutation                6
   f - Summon Hydra                   Summoning                    7
Miscellaneous
 j - a lamp of fire
 I - an ornate deck of defence {drawn: 2}
 L - a crystal ball of energy
Comestibles
 d - 11 bread rations
 g - 5 beef jerkies
 m - 3 chunks of flesh
 v - a meat ration
 z - a royal jelly
 J - 6 fruits


   Skills:
 - Level 12.5 Fighting
 + Level 6.3 Maces & Flails
 - Level 6.2 Armour
 - Level 8.5 Dodging
 - Level 2.1 Stealth
 - Level 5.0(6.4) Shields
 + Level 8.5 Spellcasting
 - Level 4.0 Charms
 - Level 2.0 Transmutations
 + Level 14.1 Earth Magic
 - Level 7.0 Evocations


You had 15 spell levels left.
You knew the following spells:

 Your Spells              Type           Power        Failure   Level  Hunger
b - Stone Arrow           Conj/Erth      ####..       14%         3    #......
c - Lee's Rapid Deconstr  Erth           ######....   7%          5    #####..
d - Infusion              Chrm           ###.         16%         1    None
e - Passwall              Trmt/Erth      ####......   4%          2    None
f - Petrify               Trmt/Erth      ####....     43%         4    ###....


Dungeon Overview and Level Annotations

Branches:
Dungeon (10/15)            Temple (1/1) D:5            Lair (8/8) D:9
 Shoals (0/4) Lair:6        Snake (0/4) Lair:4        Slime (0/6) Lair:8
    Orc (0/2) D:9

Altars:
Ashenzari
Cheibriados
Dithmenos
Elyvilon
Fedhas
Gozag
Kikubaaqudgha
Makhleb
Nemelex Xobeh
Okawaru
Pakellas
Qazlal
Ru
Sif Muna
Trog
Vehumet
Xom
Yredelemnul
Zin
The Shining One

Shops:
D:5 !   D:6 (

Annotations:
D:7 exclusion: oklob plant
D:9 1 runed door, Urug
D:10 Situis's ghost, novice DsBe


Innate Abilities, Weirdness & Mutations

You are resistant to torment.
Your stone body is resilient (AC +9).
You are immune to poison.
Your large and strong wings let you fly indefinitely.
You resist negative energy.
You are resistant to electric shocks.
You can survive without breathing.
You are immune to petrification.
You are immune to rotting.
You have a pair of small antennae on your head.
Your body sometimes deteriorates upon taking damage.
You are frail (-10% HP).


Message History

The spiny frog stings you! The giant leech bites you!
The spiny frog completely misses you. The giant leech barely misses you.
The spiny frog stings you but does no damage.
You climb upwards.
There is a stone staircase leading down here.
You whack the giant leech!
There is a sudden explosion of sparks!
The giant leech is moderately wounded.
The spiny frog barely misses you.
You miss the giant leech.
The giant leech is moderately wounded.
The giant leech bites you!
Your body deteriorates!
You feel clumsy. The spiny frog stings you!
* * * LOW HITPOINT WARNING * * *
You whack the giant leech!
The giant leech is heavily wounded.
The spiny frog stings you.
* * * LOW HITPOINT WARNING * * *
The giant leech bites you!
You die...

#....P######.#..<.#.........
##..P### ###.......#...... #.#.##
##...#.##....... ##...#
###.#............. ##....#
#####.>..#...##P#..### #..####
#.#.......##.######.## ##..##
##....8....### #### ###....#
##...wF##....## #
..##.P#####...##@#.##...## #
........##...#########...##
..#...#.#....#.....#.#....#######
...†.P.+.....................##.#
....P..#8.....8..>..8.....8..#...
P#<†.P.+...................'.....
PP.P.P####....#....##....#####...
.PP...# #...######..#...########
.....## #....##...##...##.P#


You could see a giant leech and a spiny frog.

Vanquished Creatures
  Nessos (Lair:7)
  5 hydras
  2 deep trolls (D:9)
  A lindwurm (Lair:8)
  13 elephants
  2 sirens (Lair:6)
  5 black mambas
  3 ice statues (IceCv)
  16 spiny frogs
  A torpor snail (Lair:7)
  4 rime drakes
  7 komodo dragons
  2 merfolk (Lair:6)
  7 trolls
  A two-headed ogre (D:9)
  2 polar bears
  41 blink frogs
  2 giant leeches
  A boulder beetle (Lair:5)
  29 yaks
  2 basilisks
  9 hippogriffs
  2 vampire mosquitoes (Lair:7)
  2 nagas (Lair:4)
  13 water moccasins
  13 porcupines
  9 ice beasts
  The ghost of Diesel the Ruffian, an amateur TrBe of Trog (D:3)
  An orc warrior (D:9)
  2 black bears (D:6)
  2 sky beasts
  A phantom (D:6)
  13 wolves
  2 centaurs
  17 crocodiles
  29 giant frogs
  4 scorpions
  10 killer bees (D:9)
  8 wights
  A howler monkey (D:4)
  8 electric eels
  4 crimson imps
  3 giant frog zombies
  6 hounds
  14 jellies
  A giant frog skeleton (D:3)
  5 orc priests
  An orc wizard (D:5)
  6 iguanas
  6 worker ants
  7 sheep (Lair:4)
  A hound skeleton (D:4)
  Robin (D:2)
  A howler monkey skeleton (D:4)
  4 gnolls (D:3)
  85 river rats
  16 adders
  4 shadow imps
  2 oozes
  2 adder skeletons
  2 worms
  3 dart slugs
  6 giant geckos
  26 orcs
  6 bats
  6 giant cockroaches
  10 goblins
  10 hobgoblins
  13 jackals
  5 quokkas
  A ball python (D:4)
  4 giant newts
  A jackal skeleton (D:7)
  A jackal zombie (D:7)
  8 kobolds
  5 rats
  A bush (D:9)
  A butterfly (Lair:6)
572 creatures vanquished.

Vanquished Creatures (others)
  A hydra (D:2)
  2 bushes (Lair:7)
  36 fungi
  17 plants
56 creatures vanquished.

Grand Total: 628 creatures vanquished

Notes
Turn   | Place    | Note
--------------------------------------------------------------
     0 | D:1      | Mesmaeker13 the Gargoyle Earth Elementalist began the quest for the Orb.
     0 | D:1      | Reached XP level 1. HP: 10/10 MP: 3/3
   125 | D:1      | Reached skill level 4 in Earth Magic
   125 | D:1      | Reached XP level 2. HP: 15/15 MP: 5/5
   395 | D:1      | Reached XP level 3. HP: 18/19 MP: 6/6
   541 | D:1      | Found a sparkling altar of Nemelex Xobeh.
   564 | D:1      | Reached skill level 5 in Earth Magic
   953 | D:2      | Noticed Robin
  1167 | D:2      | Reached XP level 4. HP: 23/24 MP: 7/7
  1176 | D:2      | Killed Robin
  1393 | D:2      | Found an oddly glowing altar of Pakellas.
  1393 | D:2      | Noticed an eight-headed hydra
  1400 | D:2      | Killed an eight-headed hydra
  1637 | D:2      | Learned a level 3 spell: Stone Arrow
  1686 | D:3      | Reached skill level 6 in Earth Magic
  1973 | D:3      | Found a stormy altar of Qazlal.
  2110 | D:3      | Reached XP level 5. HP: 28/28 MP: 4/8
  2143 | D:3      | Noticed Diesel's ghost (amateur TrBe)
  2188 | D:3      | Killed Diesel's ghost
  2188 | D:3      | Reached skill level 7 in Earth Magic
  2188 | D:3      | Reached XP level 6. HP: 13/32 MP: 4/9
  2762 | D:4      | Found a radiant altar of Vehumet.
  2766 | D:4      | Found an ancient bone altar of Kikubaaqudgha.
  2767 | D:4      | Found a deep blue altar of Sif Muna.
  2771 | D:4      | Identified Sif Muna's Disquisition on Aid
  2945 | D:4      | Reached XP level 7. HP: 33/36 MP: 1/10
  3558 | D:5      | Entered Level 5 of the Dungeon
  3590 | D:5      | Learned a level 5 spell: Lee's Rapid Deconstruction
  3696 | D:5      | Found Xouprerr's Distillery.
  3702 | D:5      | Bought a potion of curing for 36 gold pieces
  3738 | D:5      | Reached skill level 8 in Earth Magic
  4229 | D:5      | Reached skill level 1 in Fighting
  4487 | D:5      | Reached XP level 8. HP: 42/44 MP: 12/12
  4790 | D:5      | Found a staircase to the Ecumenical Temple.
  5005 | D:5      | Found a burning altar of Makhleb.
  5006 | D:5      | Found a shimmering altar of Xom.
  5237 | D:6      | Learned a level 1 spell: Infusion
  5301 | D:6      | Found Wuxaler's Antique Weapon Boutique.
  5327 | D:6      | Reached skill level 9 in Earth Magic
  5340 | D:6      | Found a bloodstained altar of Trog.
  6131 | Temple   | Entered the Ecumenical Temple
  6338 | Temple   | Became a worshipper of Ashenzari the Shackled
  6447 | D:7      | Reached XP level 9. HP: 49/52 MP: 16/16
  6461 | D:7      | Reached skill level 5 in Spellcasting
  6478 | D:7      | Found a basalt altar of Yredelemnul.
  6478 | D:7      | Noticed an oklob plant
  6553 | D:7      | Reached skill level 5 in Fighting
  6747 | D:7      | Reached skill level 10 in Earth Magic
  7240 | D:7      | Found a snail-covered altar of Cheibriados.
  7564 | D:8      | Learned a level 2 spell: Passwall
  8139 | D:8      | Found an iron altar of Okawaru.
  8222 | D:8      | Found a blossoming altar of Fedhas.
  8370 | D:9      | Found a staircase to the Orcish Mines.
  8448 | D:9      | Found a runed door.
  8588 | D:9      | Found a runed door.
  8590 | D:9      | Noticed a troll
  8602 | D:9      | Reached skill level 11 in Earth Magic
  8644 | D:9      | Noticed a deep troll
  8646 | D:9      | Noticed a troll
  8654 | D:9      | Reached XP level 10. HP: 57/61 MP: 6/19
  8744 | D:9      | Reached skill level 1 in Armour
  9188 | D:9      | Found an opulent altar of Gozag.
  9189 | D:9      | Found a sparkling altar of Nemelex Xobeh.
  9256 | D:9      | Found a staircase to the Lair.
  9412 | D:9      | Found a blossoming altar of Fedhas.
  9412 | D:9      | Found a basalt altar of Yredelemnul.
  9413 | D:9      | Found a shadowy altar of Dithmenos.
  9757 | D:9      | Killed a deep troll
  9757 | D:9      | Reached skill level 12 in Earth Magic
  9970 | D:9      | Noticed a deep troll
  9975 | D:9      | Reached skill level 5 in Armour
 10138 | D:9      | Killed a deep troll
 10138 | D:9      | Reached XP level 11. HP: 71/71 MP: 1/20
 10406 | D:10     | Entered Level 10 of the Dungeon
 10520 | D:10     | Noticed Situis's ghost (novice DsBe)
 10537 | D:10     | Reached skill level 1 in Charms
 10634 | D:10     | Noticed Urug
 10670 | D:10     | Gained mutation: You are frail (-10% HP). [potion of mutation]
 10670 | D:10     | Gained mutation: Your body sometimes deteriorates upon taking damage. [potion of mutation]
 10670 | D:10     | Gained mutation: You have a pair of small antennae on your head. [potion of mutation]
 10880 | Lair:1   | Entered Level 1 of the Lair of Beasts
 10883 | Lair:1   | Identified a scroll of acquirement
 10883 | Lair:1   | Identified the cursed ring "Ybboreemm" {Fire +Fly rPois Dex+4 Stlth+} (You acquired it on level 1 of the Lair of Beasts)
 10984 | Lair:1   | Found a frozen archway.
 11011 | IceCv    | Entered an ice cave
 11765 | Lair:1   | Reached skill level 10 in Fighting
 11897 | Lair:1   | Got the uncursed scale mail of the Cicada {+Blink Str-5 Int+4}
 12142 | Lair:1   | Reached skill level 5 in Dodging
 12391 | Lair:2   | Reached * piety under Ashenzari
 12443 | Lair:2   | Reached skill level 1 in Evocations
 12953 | Lair:2   | Reached XP level 12. HP: 53/71 MP: 12/21
 13690 | Lair:2   | Noticed a six-headed hydra
 13704 | Lair:2   | Killed a six-headed hydra
 14123 | Lair:2   | Noticed a seven-headed hydra
 14132 | Lair:2   | Killed a seven-headed hydra
 14569 | Lair:2   | Learned a level 4 spell: Petrify
 15357 | Lair:3   | Noticed a six-headed hydra
 15409 | Lair:3   | Killed a six-headed hydra
 16009 | Lair:4   | Reached skill level 5 in Evocations
 16808 | Lair:4   | Found a staircase to the Snake Pit.
 17206 | Lair:4   | Reached ** piety under Ashenzari
 17849 | Lair:4   | Reached XP level 13. HP: 62/77 MP: 7/22
 18832 | Lair:5   | Reached skill level 1 in Maces & Flails
 20157 | Lair:5   | Reached skill level 1 in Shields
 20925 | Lair:6   | Got the cursed dagger of Jedasaos {freeze, Str+4 Int+4}
 20926 | Lair:6   | Identified the cursed +2 dagger of Jedasaos {freeze, Str+4 Int+4} (You found it on level 6 of the Lair of Beasts)
 21002 | Lair:6   | Reached skill level 1 in Transmutations
 21559 | Lair:6   | Found a staircase to the Shoals.
 22737 | Lair:7   | Reached skill level 13 in Earth Magic
 23016 | Lair:7   | Noticed Nessos
 23089 | Lair:7   | Killed Nessos
 24031 | Lair:7   | Got the cursed pair of boots "Rakos" {-Cast rPois Int+2}
 24046 | Lair:7   | Identified a cursed +1 pair of boots of running (You acquired it on level 7 of the Lair of Beasts)
 24046 | Lair:7   | Identified the cursed +2 pair of boots "Rakos" {-Cast rPois Int+2} (You acquired it on level 7 of the Lair of Beasts)
 24151 | Lair:7   | Gained mutation: Your large and strong wings let you fly indefinitely. [Gargoyle growth]
 24151 | Lair:7   | Reached XP level 14. HP: 78/82 MP: 20/24
 24490 | Lair:8   | Entered Level 8 of the Lair of Beasts
 24915 | Lair:7   | Reached skill level 5 in Shields
 24925 | Lair:7   | Reached skill level 5 in Maces & Flails
 26755 | Lair:6   | HP: 2/82 [porcupine (4)]
 26756 | Lair:6   | Reached skill level 14 in Earth Magic
 27431 | Lair:8   | Found a staircase to the Slime Pits.
 27814 | Lair:7   | Slain by a giant leech

Skill      XL: |  1  2  3  4  5  6  7  8  9 10 11 12 13 14 |
---------------+-------------------------------------------+-----
Earth Magic    | 4 5 6 7 8 9 11 12 13 14 | 14.1
Dodging        | 2 3 4 5 7 8 |  8.5
Fighting       | 2 4 6 9 10 12 | 12.5
Spellcasting   | 3 4 6 7 8 |  8.5
Armour         | 5 6 |  6.2
Charms         | 4 |  4.0
Evocations     | 2 6 7 |  7.0
Maces & Flails | 4 6 |  6.3
Shields        | 4 5 |  5.0
Transmutations | 2 |  2.0
Stealth        | |  2.1

Action                   |  1- 3 |  4- 6 |  7- 9 | 10-12 | 13-15 || total
-------------------------+-------+-------+-------+-------+-------++-------
Melee: Short sword       |    80 |   134 |       |       |       ||   214
       Whip              |       |     5 |   329 |   157 |   961 ||  1452
       Dagger            |       |       |       |       |   157 ||   157
 Cast: Sandblast         |     8 |    12 |    39 |   256 |       ||   315
       Stone Arrow       |       |     5 |    44 |   104 |   110 ||   263
       Lee's Rapid Decon |       |       |    13 |    45 |    20 ||    78
       Infusion          |       |       |     2 |     1 |    29 ||    32
       Petrify           |       |       |       |     3 |     8 ||    11
Invok: Curse Item        |       |       |     1 |     1 |       ||     2
Evoke: Wand              |       |       |       |     5 |     1 ||     6
       Crystal ball of e |       |       |       |     3 |     4 ||     7
       Deck              |       |       |       |       |     2 ||     2
  Use: Scroll            |     1 |     3 |     7 |    11 |    20 ||    42
       Potion            |       |     3 |     1 |     6 |    16 ||    26
 Stab: Sleeping          |     3 |     2 |     3 |       |     1 ||     9
       Invisible         |       |     1 |       |       |     1 ||     2
       Petrified         |       |       |       |     1 |     1 ||     2
       Distracted        |       |       |       |     1 |       ||     1
  Eat: Chunk             |     1 |     6 |    15 |    28 |    26 ||    76
       Meat ration       |       |       |     3 |       |     1 ||     4
       Pizza             |       |       |       |     1 |     2 ||     3
       Fruit             |       |       |       |    13 |    12 ||    25
Armor: Robe              |    33 |    43 |     7 |   180 |   127 ||   390
       Leather armour    |       |     6 |   151 |       |       ||   157
       Fire dragon armou |       |       |       |       |   603 ||   603
Dodge: Dodged            |    54 |    96 |   228 |   267 |   643 ||  1288
Block: Buckler           |       |       |       |    26 |   115 ||   141
       Shield            |       |       |       |       |   350 ||   350
